Map: Thunderbird LE

Players

ICBreaker - Winner!

  • Race: Zerg Zerg
  • League: Diamond
  • Spawn Location: 11:00

Albalu

  • Race: Protoss Protoss
  • League: Diamond
  • Spawn Location: 5:00

VOD

Have the link to the VOD?

Description

Time

  • Played on: Nov. 24, 2019, 6:42 p.m.
  • Length: 10:56
Show
View Real Time Build Order
Export as new Build Order

ICBreaker Zerg - Winner!

Build Orders: Hatch First, Lurkers 

Get SALT Encoding   

  12  0:00  Drone  
  13  0:13  Overlord  
  13  0:16  Drone  
  14  0:31  Drone x2  
  14  0:35  Drone  
  17  0:51  Hatchery  
  17  0:55  Drone  
  17  0:58  Drone  
  18  1:09  Extractor  
  17  1:12  Spawning Pool  
  17  1:15  Drone  
  18  1:18  Drone  
  18  1:28  Drone  
  19  1:46  Overlord  
  19  2:11  Drone  
  19  2:12  Metabolic Boost  
  19  2:13  Queen x2  
  24  2:16  Zergling x4  
  24  2:18  Drone x2  
  28  2:29  Drone x2  
  30  2:44  Overlord  
  30  2:45  Drone  
  30  2:46  Drone  
  32  2:58  Hatchery  
  31  3:00  Queen  
  33  3:06  Drone x4  
  33  3:10  Zergling x2  
  37  3:25  Drone x2  
  39  3:37  Drone x4  
  43  3:42  Overlord x3  
  43  3:56  Baneling Nest  
  43  3:57  Extractor  
  41  4:11  Drone x9  
  50  4:22  Spore Crawler  
  49  4:26  Spore Crawler  
  49  4:27  Spore Crawler  
  47  4:32  Drone x3  
  47  4:33  Drone x4  
  47  4:34  Spore Crawler  
  47  4:35  Queen  
  55  4:41  Lair  
  55  4:57  Drone x10  
  65  5:02  Overlord  
  65  5:21  Extractor  
  65  5:22  Extractor, Drone x7  
  65  5:25  Extractor  
  65  5:26  Extractor  
  68  5:38  Overlord x2  
  68  5:39  Overlord x2  
  68  5:40  Spore Crawler  
  67  5:43  Hydralisk Den  
  66  5:56  Evolution Chamber  
  65  5:57  Evolution Chamber  
  64  6:16  Spore Crawler  
  64  6:18  Spore Crawler  
  62  6:19  Overlord  
  62  6:23  Grooved Spines  
  62  6:27  Infestation Pit  
  62  6:29  Drone x5  
  62  6:30  Drone  
  62  6:31  Zerg Missile Weapons Level 1  
  67  6:33  Zerg Ground Armor Level 1  
  66  6:40  Drone x6  
  66  6:42  Drone x3  
  66  6:46  Hydralisk x6  
  87  6:51  Queen  
  89  7:06  Spore Crawler  
  88  7:18  Lurker Den  
  88  7:20  Hive  
  87  7:28  Hydralisk  
  87  7:29  Hydralisk x8  
  105  7:34  Muscular Augments  
  105  7:40  Overlord x9  
  105  7:43  Pathogen Glands  
  87  8:47  Lurker  
  89  8:48  Lurker x2  
  89  8:51  Zergling x30  
  105  9:14  Adaptive Talons  
  101  9:20  Adrenal Glands  
  100  9:27  Hatchery  
  99  9:38  Hatchery  
  98  9:43  Lurker x5  
  98  9:44  Lurker x3  
  105  10:01  Hydralisk x4  
  113  10:21  Hydralisk x4  
  121  10:28  Overseer  
  121  10:30  Overseer  
  121  10:31  Zergling x2  
  121  10:32  Zergling x24  
  134  10:36  Extractor  
  134  10:37  Extractor  
Show
View Real Time Build Order
Export as new Build Order

Albalu Protoss 

Build Orders: 1 Gate Expand, Phoenix Opening 

Get SALT Encoding   

  12  0:01  Probe  
  13  0:13  Probe  
  14  0:21  Pylon  
  14  0:27  Probe  
  15  0:39  Probe (Chrono Boost)  
  16  0:47  Gateway  
  16  0:49  Assimilator, Probe (Chrono Boost)  
  17  0:54  Probe (Chrono Boost)  
  18  1:06  Probe  
  19  1:18  Probe  
  20  1:30  Probe  
  21  1:37  Cybernetics Core  
  21  1:44  Nexus  
  21  1:51  Pylon  
  21  1:54  Probe  
  22  2:06  Probe  
  23  2:18  Probe, Stargate  
  23  2:21  Adept (Chrono Boost)  
  23  2:22  Assimilator  
  26  2:30  Probe  
  27  2:43  Probe  
  28  2:49  Adept  
  30  2:55  Probe  
  31  2:59  Probe  
  32  3:11  Probe x2 (Chrono Boost)  
  34  3:15  Gateway  
  36  3:20  Probe (Chrono Boost)  
  36  3:22  Probe (Chrono Boost)  
  36  3:24  Phoenix  
  36  3:25  Probe (Chrono Boost)  
  36  3:31  Probe  
  36  3:34  Warp Gate (Chrono Boost)  
  40  3:42  Probe  
  40  3:43  Probe  
  40  3:45  Assimilator  
  40  3:46  Twilight Council  
  42  3:49  Gateway  
  42  3:54  Probe  
  42  3:55  Probe  
  44  4:07  Probe x2  
  46  4:10  Stalker (Chrono Boost)  
  46  4:16  Pylon  
  46  4:19  Pylon  
  46  4:20  Resonating Glaives (Chrono Boost)  
  46  4:29  Assimilator  
  46  4:34  Stalker, Oracle  
  46  4:38  Probe  
  52  4:48  Pylon  
  52  4:49  Probe  
  52  4:50  Probe  
  54  5:01  Probe  
  54  5:02  Probe  
  56  5:11  Oracle  
  59  5:16  Adept x3  
  59  5:20  Probe  
  59  5:21  Probe  
  67  5:30  Forge  
  67  5:38  Pylon  
  67  5:40  Pylon, Adept  
  69  5:58  Protoss Ground Weapons Level 1 (Chrono Boost)  
  69  5:59  Oracle (Chrono Boost)  
  69  6:00  Adept  
  69  6:01  Adept x2, Nexus  
  76  6:08  Pylon  
  76  6:12  Probe x2  
  76  6:13  Robotics Facility  
  78  6:19  Gateway  
  78  6:20  Gateway  
  78  6:23  Adept x2, Gateway  
  78  6:24  Probe, Gateway  
  83  6:30  Adept  
  85  6:39  Probe x2  
  87  6:48  Assimilator, Adept x2  
  87  6:53  Assimilator  
  91  6:55  Pylon, Adept  
  91  7:00  Observer (Chrono Boost)  
  94  7:10  Pylon  
  94  7:12  Phoenix  
  94  7:13  Pylon, Observer (Chrono Boost)  
  97  7:18  Adept x2  
  97  7:19  Adept x4  
  100  8:34  Probe x2  
  99  8:46  Probe x2  
  75  9:17  Probe x2, Fleet Beacon  
  75  9:18  Immortal (Chrono Boost)  
  75  9:22  Probe  
  74  9:28  Charge (Chrono Boost), Zealot x6  
  74  9:29  Probe x2, Zealot  
  90  9:31  Oracle (Chrono Boost)  
  90  9:34  Probe  
  94  9:41  Probe  
  95  9:51  Zealot  
  95  9:52  Zealot x6  
  108  10:16  Zealot  
  108  10:17  Zealot x6  
  128  10:28  Observer  
  128  10:37  Zealot  
  128  10:38  Zealot  
  128  10:41  Pylon  
  132  10:44  Pylon  
Tags
 
Add a new tag
Caveats
  • Supply blocks, unpowered buildings, or Contaminate may cause inaccurate times.
  • Supply counts are checked every 10 seconds.